AoeStats
← Doak

Black Forest

506914109Analyzed
2v2 RM · 17d ago on Sep 15, 2026· 28m 32s· 4 players
Game mode
Random Map
Map size
Medium (4 player)
Population
200
Speed
Normal
Resources
Standard
Victory
Conquest
Starting age
Dark Age
Ending age
Imperial Age
RankedLock teamsTeams togetherTeam positionsShared explorationLock speedFull tech treeHidden civsTurbo modeCheats
Victory
Defeat
🇬🇧 Bohemians · United Kingdom
1401
+15
🇺🇸 Portuguese · United States
1374
+16
🇩🇪 Wu · Germany
1407
-17
🇨🇴 Japanese · Colombia
1332
-14
some.spiced.ham
11:51 Feudal Age
13:36 Double-Bit Axe
22:36 Castle Age
20:52 Stone Mining
20:45 Horse Collar
20:58 Gold Mining
22:24 Fletching
24:00 Bow Saw
24:30 Stone Shaft Mining
26:45 Wheelbarrow
27:40 Heavy Plow
27:30 Town Watch
28:33 Bodkin Arrow
Doak
7:42 Loom
10:00 Feudal Age
11:33 Fletching
15:08 Padded Archer Armor
16:20 Horse Collar
23:46 Castle Age
22:01 Double-Bit Axe
24:31 Bodkin Arrow
24:52 Bow Saw
26:36 Chemistry
26:46 Scale Barding Armor
NuMa | JuanMan
6:37 Loom
8:51 Feudal Age
10:40 Man-at-Arms
11:40 Arson
12:54 Double-Bit Axe
16:34 Horse Collar
22:14 Castle Age
20:35 Gold Mining
23:18 Bow Saw
23:09 Heavy Plow
28:45 Imperial Age
28:03 Scale Mail Armor
28:42 Squires
Pyro101
7:24 Loom
10:09 Feudal Age
10:48 Double-Bit Axe
10:57 Man-at-Arms
18:00 Fletching
18:21 Forging
18:11 Scale Mail Armor
28:30 Castle Age
Connection lost

Rejoining the realm…

Still unreachable

The connection could not be restored.

Session expired

The server has moved on; the page needs a fresh start.